cohdb
Replays
Latest Replays
All Replays
Popular Replays
Top Player Replays
Match Explorer
How It Works
Community
CoH3 Stats
Reddit
Sign in to upload your games and track your stats! →
Sign in with Steam
Match 37886070
Unlisted
Match 37886070
Overview
Messages
Build Orders
End
Panzergrenadier Squad
Selects Battlefield Espionage Battlegroup
Panzergrenadier Squad
Construct Light Support Kompanie
MG34 Team
Fire Support Elements
Pak 38 Anti-tank Gun Team
Flakvierling Half-track
Selects Intel Disruption Beacon
Selects Transfer Depots
2.5-tonne Medical Truck
Veteran Squad Leaders
Vehicle Survival Package
Pak 38 Anti-tank Gun Team
le.IG 18 Support Gun Team
Andreuz
鼻涕一甩排山倒海
besh
青青萨
Honey
khj
Zebra
kpudk
0
0
Comments
sign in to comment!
No comments posted yet!